 Dungeon Crawl Stone Soup version 0.22-b1-21-g5cfc1688f2 (webtiles) character file.

927 Jorund the Chopper (level 7, 0/52 HPs)
             Began as a Demonspawn Gladiator on Aug 8, 2018.
             Was a Follower of Makhleb.
             Slain by a bullfrog skeleton (5 damage)
             ... on level 5 of the Dungeon.
             The game lasted 00:08:08 (4610 turns).

Jorund the Chopper (Demonspawn Gladiator)           Turns: 4610, Time: 00:08:09

Health: 0/52       AC:  7    Str: 21    XL:     7   Next: 85%
Magic:  7/7        EV: 10    Int: 10    God:    Makhleb [*.....]
Gold:   228        SH:  6    Dex: 14    Spells: 6/6 levels left

rFire    + + .     SeeInvis .   a - +1 war axe
rCold    + + .     Gourm    +   i - +2 buckler
rNeg     . . .     Faith    .   u - +0 scale mail {rF+}
rPois    .         Spirit   .   (helmet restricted)
rElec    .         Reflect  .   k - scarf {rC+ rF+}
rCorr    .         Harm     .   c - +0 pair of gloves
MR       .....                  (no boots)
Stlth    ..........             m - amulet of the gourmand
HPRegen  0.17/turn              (no ring)
MPRegen  0.10/turn              (no ring)

@: mighty
A: horns 1, cold resistance 1, demonic guardian 1
a: Renounce Religion


You were on level 5 of the Dungeon.
You worshipped Makhleb.
Makhleb was aware of your devotion.
You were very full.

You visited 1 branch of the dungeon, and saw 5 of its levels.

You collected 228 gold pieces.

Inventory:

Hand Weapons
 a - a +1 war axe (weapon)
 v - a +3 trident
Missiles
 d - 3 throwing nets (quivered)
Armour
 c - a +0 pair of gloves (worn)
 g - a +1 robe
 i - a +2 buckler (worn)
 k - a scarf of resistance (worn)
 u - a +0 scale mail of fire resistance (worn)
Jewellery
 m - an amulet of the gourmand (around neck)
Scrolls
 e - 4 scrolls of identify
 l - 4 scrolls of remove curse
 n - a scroll of blinking
 o - a scroll of fog
 p - 2 scrolls of teleportation
Potions
 b - 2 potions of degeneration {unknown}
Comestibles
 f - 8 rations


   Skills:
 + Level 3.5 Fighting
 * Level 7.8 Axes
 - Level 1.7 Throwing
 - Level 0.9 Armour
 - Level 2.6 Dodging
 * Level 2.1 Shields


You had 6 spell levels left.
You didn't know any spells.
Your spell library was empty.

Dungeon Overview and Level Annotations

Branches:
Dungeon (5/15)
 Temple: D:4-7

Altars:
Makhleb
Zin


Innate Abilities, Weirdness & Mutations

You have a pair of small horns on your head.
Your flesh is cold resistant. (rC+)
A weak demonic guardian rushes to your aid.


Message History

You block the orc wizard's attack.
Your iron imp hits the orc wizard.
Unknown command.
You hit the orc wizard.
You kill the orc wizard!
Makhleb accepts your kill.
You start resting.
A bullfrog skeleton comes into view.
Unknown command.
You barely miss the bullfrog skeleton. You headbutt the bullfrog skeleton!
The bullfrog skeleton is moderately damaged.
The bullfrog skeleton hits you.
* * * LOW HITPOINT WARNING * * *
The bullfrog skeleton hits you.
* * * LOW HITPOINT WARNING * * *
Your iron imp barely misses the bullfrog skeleton.
You hit the bullfrog skeleton.
Your headbutt misses the bullfrog skeleton.
The bullfrog skeleton is heavily damaged.
The bullfrog skeleton hits you.
You die...

..# .## .#
##################
##
##...##.........$..
#
##................>.
#
#...................
#...(.....)...)...oo
# #..........()Z#.##
#####..........5@#
<..###.[.#....##.#
##.......#(..###...
#######.#..## #.###
#....# (.# ##....
..# #.#.## #.. ..
...# #.# ## ...


You could see a bullfrog skeleton and a friendly iron imp.

Vanquished Creatures
  Sigmund (D:5)
  A phantom (D:5)
  2 centaurs (D:5)
  A crimson imp (D:5)
  3 hounds
  An orc priest (D:5)
  An orc wizard (D:5)
  A gnoll shaman (D:4)
  Jessica (D:2)
  2 worker ants
  A hound skeleton (D:5)
  A howler monkey zombie (D:5)
  9 adders
  3 gnolls (D:4)
  An adder skeleton (D:4)
  3 worms
  4 dart slugs
  3 leopard geckos
  19 orcs
  4 giant cockroaches
  7 hobgoblins
  7 jackals
  8 kobolds
  A quokka (D:3)
  A ball python (D:2)
  7 bats
  7 frilled lizards
  8 goblins
  10 rats
118 creatures vanquished.

Vanquished Creatures (collateral kills)
  A crimson imp (D:5)
  An orc (D:5)
2 creatures vanquished.

Grand Total: 120 creatures vanquished

Notes
Turn   | Place    | Note
-------+----------+-------------------------------------------
     0 | D:1      | Jorund the Demonspawn Gladiator began the quest for the Orb.
     0 | D:1      | Reached XP level 1. HP: 16/16 MP: 1/1
    75 | D:1      | Reached skill level 3 in Axes
   203 | D:1      | Gained mutation: Your flesh is cold resistant. (rC+) [demonic ancestry]
   203 | D:1      | Reached XP level 2. HP: 13/22 MP: 2/2
   936 | D:2      | Reached XP level 3. HP: 10/27 MP: 3/3
  1369 | D:2      | Reached skill level 4 in Axes
  1425 | D:2      | Noticed Jessica
  1433 | D:2      | Reached XP level 4. HP: 22/34 MP: 4/4
  1447 | D:2      | Killed Jessica
  2114 | D:2      | Gained mutation: You have a pair of small horns on your head. [demonic ancestry]
  2114 | D:2      | Reached XP level 5. HP: 39/39 MP: 5/5
  2266 | D:3      | Reached skill level 5 in Axes
  3297 | D:4      | Found a burning altar of Makhleb.
  3343 | D:4      | Gained mutation: A weak demonic guardian rushes to your aid. [demonic ancestry]
  3343 | D:4      | Reached XP level 6. HP: 25/46 MP: 6/6
  3551 | D:4      | Became a worshipper of Makhleb the Destroyer
  3589 | D:4      | Reached skill level 1 in Shields
  3877 | D:4      | Reached skill level 6 in Axes
  4031 | D:4      | Found a glowing silver altar of Zin.
  4032 | D:4      | Noticed an angel
  4254 | D:5      | Entered Level 5 of the Dungeon
  4254 | D:5      | Noticed Sigmund
  4258 | D:5      | Killed Sigmund
  4258 | D:5      | Reached XP level 7. HP: 38/52 MP: 7/7
  4593 | D:5      | Reached * piety under Makhleb
  4593 | D:5      | Reached skill level 7 in Axes
  4610 | D:5      | Slain by a bullfrog skeleton

Skill      XL: |  1  2  3  4  5  6  7 |
---------------+----------------------+-----
Axes           | 3 4 5 6 7 |  7.8
Shields        | 1 2 |  2.1
Fighting       | 3 |  3.5
Throwing       | |  1.7
Armour         | |  0.9
Dodging        | |  2.6

Action                   |  1- 3 |  4- 6 |  7- 9 || total
-------------------------+-------+-------+-------++-------
Melee: War axe           |   122 |   173 |    33 ||   328
       Headbutt          |       |    24 |    10 ||    34
  Use: Potion            |     2 |     3 |     2 ||     7
       Scroll            |       |    12 |       ||    12
 Stab: Invisible         |     3 |       |       ||     3
  Eat: Chunk             |     5 |    15 |     1 ||    21
Armor: Leather armour    |    44 |     6 |       ||    50
       Scale mail        |       |    62 |    11 ||    73
Dodge: Dodged            |   116 |    93 |    17 ||   226
Block: Buckler           |       |    50 |    12 ||    62
